 Dungeon Crawl Stone Soup version 0.31-a0-148-gb92c8fe61f (webtiles) character file.

Game seed: 18441908019982585609

221 qw the Shooter (level 5, 0/46 HPs)
             Began as a Minotaur Hunter on June 7, 2023.
             Slain by a gnoll
             ... wielding a +0 spear
              (5 damage)
             ... on level 4 of the Dungeon.
             The game lasted 00:00:59 (2421 turns).

qw the Shooter (Minotaur Hunter)                    Turns: 2421, Time: 00:01:00

Health: 0/46       AC:  5    Str: 19    XL:     5   Next: 65%
Magic:  4/4        EV: 12    Int:  6    God:
Gold:   118        SH:  0    Dex: 13    Spells: 4/4 levels left

rFire   . . .        Y - +0 shortbow
rCold   . . .        (shield currently unavailable)
rNeg    . . .        m - +2 robe of Beyond {Str+3 Dex-2 Slay+2}
rPois   .            (helmet restricted)
rElec   .            (no cloak)
rCorr   +            f - +0 pair of gloves
SInv    .            (no boots)
Will    .....        (no amulet)
Stlth   +            g - ring of resist corrosion
HPRegen 0.27/turn    (no ring)
MPRegen 0.09/turn

%: no passive effects
@: no status effects
A: horns 2, retaliatory headbutt
a: no special abilities


You were on level 4 of the Dungeon.
You visited 1 branch of the dungeon, and saw 4 of its levels.

You collected 118 gold pieces.


Innate Abilities, Weirdness & Mutations

You have a pair of horns on your head.
You reflexively headbutt those who attack you in melee.


   Skills:
 - Level 4.1 Fighting
 + Level 6.7 Ranged Weapons
 - Level 1.6 Armour
 - Level 2.1 Dodging
 - Level 0.7 Stealth


You had 4 spell levels left.
You didn't know any spells.
Your spell library was empty.

Inventory:

Hand Weapons
 Y - a +0 shortbow (weapon)
Armour
 f - a +0 pair of gloves (worn)
 m - the +2 robe of Beyond (worn) {Str+3 Dex-2 Slay+2}
   (You found it on level 2 of the Dungeon)

   Str:       It affects your strength (+3).
   Dex:       It affects your dexterity (-2).
   Slay:      It affects your accuracy & damage with ranged weapons and melee
   (+2).
Jewellery
 g - a ring of resist corrosion (left hand)
Scrolls
 k - a scroll of identify
 l - a scroll of teleportation
Potions
 a - a potion of haste {unknown}
 c - a potion of enlightenment {unknown}
 d - a potion of resistance
 e - a potion of might {unknown}
 h - a potion of curing {unknown}
 j - a potion of attraction {unknown}

Dungeon Overview and Level Annotations

Branches:
Dungeon (4/15)
 Temple: D:4-7

Altars:


Message History

The orc priest is moderately wounded.
The orc priest hits you with a +0 dagger.
You shoot an arrow.
The arrow hits the orc priest but does no damage.
The orc priest is moderately wounded.
The orc priest hits you with a +0 dagger.
You shoot an arrow.
The arrow completely misses the orc priest.
The orc priest barely misses you.
You shoot an arrow. The arrow hits the orc priest!
The orc priest is almost dead.
The orc priest hits you but does no damage.
An orc comes into view.
It is wielding a +0 flail of protection.
The orc priest mumbles some strange prayers to Beogh against you.
Beogh smites you!
You hear a shout!
2417 ||| READING 2 scrolls of teleportation.
As you read the scroll of teleportation, it crumbles to dust.
You feel strangely unstable.
You hear a shout!
The orc priest hits you but does no damage.
You shoot an arrow.
The arrow closely misses the orc priest.
The orc priest hits you with a +0 dagger.
An orc comes into view. It is wielding a +0 dagger.
You shoot an arrow. The arrow hits the orc priest!
You kill the orc priest!
The orc hits you but does no damage.
You shoot an arrow. The arrow barely misses the orc.
The orc misses you.
You shoot an arrow. The arrow hits the orc.
The orc is heavily wounded.
Your surroundings suddenly seem different.
A goblin, a gnoll bouda and 6 gnolls come into view.
Found a book of Vapours.
The goblin shouts!
The gnoll shouts! x3; You hear a shout!
You hear an angry hiss.
You hear a shout!
You hear a croak.
You hear a shout!
An adder comes into view.
The gnoll hits you from afar with a +0 spear.
You die...

#########
#......:#
#.....g.##
##..g.....
S...g....#
##....g..#
.........#
#.gg..g@.#
#g#.######
.# ## )##


You could see a gnoll bouda, 6 gnolls, an adder and a goblin.

Vanquished Creatures
  3 orc priests
  6 adders
  A worm (D:2)
  A dart slug (D:1)
  4 orcs
  9 bats
  4 endoplasms
  4 giant cockroaches
  12 goblins
  7 hobgoblins
  4 kobolds
  3 quokkas
  8 ball pythons
  A frilled lizard (D:2)
  2 rats (D:1)
69 creatures vanquished.

Notes
Turn   | Place    | Note
-------+----------+-------------------------------------------
     0 | D:1      | qw the Minotaur Hunter began the quest for the Orb.
     0 | D:1      | Reached XP level 1. HP: 18/18 MP: 0/0
     0 | D:1      | 0 ||| qw: Version: 0.2-a-117-gc6b5c8b
     0 | D:1      | 0 ||| qw: Game counter: 2550
     0 | D:1      | 0 ||| qw: Always use a shield: true
     0 | D:1      | 0 ||| qw: God list: Okawaru
     0 | D:1      | 0 ||| qw: Allow faded altars: false
     0 | D:1      | 0 ||| qw: Do Orc after D:15 true
     0 | D:1      | 0 ||| qw: Do second Lair branch before Depths: true
     0 | D:1      | 0 ||| qw: Lair rune preference: random
     0 | D:1      | 0 ||| qw: Plans: Normal
     0 | D:1      | 0 ||| PLANNING D:1-11
   270 | D:1      | Reached XP level 2. HP: 25/25 MP: 1/1
   346 | D:1      | Reached skill level 5 in Ranged Weapons
   496 | D:1      | HP: 6/25 [poisoned by a goblin]
   501 | D:1      | HP: 2/25 [poisoned by a goblin]
   809 | D:1      | 809 ||| UPGRADING to +0 ring mail.
   819 | D:1      | 819 ||| DROPPING +0 leather armour.
   820 | D:1      | 820 ||| UPGRADING to ring of resist corrosion.
   821 | D:1      | 821 ||| READING scroll labelled BOURHE ENNAIPN.
   822 | D:1      | 822 ||| READING scroll labelled EDWOOR SOOTH.
   823 | D:1      | 823 ||| DROPPING scroll of butterflies.
   825 | D:1      | 825 ||| Stepping ~*~*~tactically~*~*~ (cloud).
  1015 | D:2      | Reached skill level 1 in Armour
  1015 | D:2      | Reached XP level 3. HP: 23/30 MP: 2/2
  1126 | D:2      | Reached skill level 3 in Fighting
  1225 | D:2      | Found a faded altar of an unknown god.
  1475 | D:2      | Identified the +2 robe of Beyond {Str+3 Dex-2 Slay+2}
  1555 | D:2      | 1555 ||| DROPPING scarf of shadows.
  1556 | D:2      | 1556 ||| UPGRADING to +0 pair of gloves.
  1561 | D:2      | 1561 ||| UPGRADING to +2 robe of Beyond {Str+3 Dex-2
                  | Slay+2}.
  1571 | D:2      | 1571 ||| DROPPING +0 ring mail.
  1572 | D:2      | 1572 ||| READING 2 scrolls labelled RUDGHEY GUIBA.
  1573 | D:2      | 1573 ||| READING scroll labelled BOGI ZIUNLA.
  1574 | D:2      | 1574 ||| READING 3 scrolls labelled QECOUDU MEONEFF.
  1577 | D:2      | 1577 ||| DROPPING scroll of amnesia.
  1596 | D:3      | Reached XP level 4. HP: 38/38 MP: 3/3
  1808 | D:3      | Reached skill level 6 in Ranged Weapons
  1946 | D:3      | Reached XP level 5. HP: 46/46 MP: 4/4
  2174 | D:3      | 2174 ||| READING scroll labelled CESTUR TYMIFI.
  2275 | D:3      | 2275 ||| DRINKING 2 bubbling red potions.
  2416 | D:4      | HP: 6/46 [orc priest/divine providence (16)]
  2417 | D:4      | 2417 ||| READING 2 scrolls of teleportation.
  2421 | D:4      | Slain by a gnoll

Levels and vault maps discovered:
D:1:      minmay_arrival_widening_spiral_wide, layout_basic
D:2:      layout_basic, chequers_ecumenical_altar_grove
D:3:      layout_loops_ring
D:4:      layout_loops_ring, uniq_robin

Skill      XL: |  1  2  3  4  5 |
---------------+----------------+-----
Ranged Weapons | 5 6 |  6.7
Armour         | 1 |  1.6
Fighting       | 3 4 |  4.1
Dodging        | |  2.1
Stealth        | |  0.7

Action                     |  1- 3 |  4- 6 || total
---------------------------+-------+-------++-------
   Fire: Shortbow          |   120 |    94 ||   214
    Use: Scroll            |     5 |     2 ||     7
         Potion            |       |     1 ||     1
 Armour: Ring mail         |    13 |       ||    13
         Leather armour    |     1 |       ||     1
         Robe              |       |     8 ||     8
  Dodge: Dodged            |    36 |    18 ||    54

Table legend:
 A = Non-vault XP
 B = Vault XP
 C = Vault XP percentage of total XP
 D = Non-vault monster count
 E = Vault monster count
 F = Vault count percentage of total count
                 A         B        C        D         E       F
            +---------+---------+-------+---------+---------+-------
      Total |     300 |      17 |   5.4 |      60 |       9 |  13.0
            +---------+---------+-------+---------+---------+-------
        D:1 |      27 |       0 |   0.0 |      15 |       0 |   0.0
        D:2 |      62 |       0 |   0.0 |      20 |       0 |   0.0
        D:3 |     120 |       0 |   0.0 |      19 |       0 |   0.0
        D:4 |      91 |      17 |  15.7 |       6 |       9 |  60.0
            +---------+---------+-------+---------+---------+-------
